 Dungeon Crawl Stone Soup version 0.18-a0-1577-gf591c28 (webtiles) character file.

53500 poirepourri the Cleaver (level 14, -7/126 HPs)
             Began as a Hill Orc Fighter on Mar 18, 2016.
             Was a Believer of Makhleb.
             Mangled by a death yak (19 damage)
             ... on level 7 of the Lair of Beasts.
             The game lasted 00:47:36 (27623 turns).

poirepourri the Cleaver (Hill Orc Fighter)         Turns: 27623, Time: 00:47:36

Health: -7/126     AC: 13    Str: 24    XL:     14   Next: 68%
Magic:  19/19      EV: 14    Int:  8    God:    Makhleb [**....]
Gold:   871        SH: 14    Dex: 10    Spells: 0 memorised, 13 levels left

rFire  + . .     SeeInvis .     a - +0 war axe (venom)
rCold  . . .     Gourm    .     y - +3 ring mail "Eniog" {*Contam rElec rPois rCorr}
rNeg   . . .     Faith    .     c - +1 shield
rPois  +         Spirit   .     (no helmet)
rElec  +         Dismiss  .     (no cloak)
rCorr  +         Reflect  .     (no gloves)
SustAt .         Harm     .     (no boots)
MR     +....                    (no amulet)
Stlth  ++........               s - ring of protection from fire
                                v - +3 ring of protection

@: somewhat resistant to hostile enchantments, unstealthy
A: subdued magic 1
a: Minor Destruction, Renounce Religion


You were on level 7 of the Lair of Beasts.
You worshipped Makhleb.
Makhleb was pleased with you.
You were not hungry.

You visited 3 branches of the dungeon, and saw 18 of its levels.

You collected 1186 gold pieces.
You spent 315 gold pieces at shops.

Inventory:

Hand Weapons
 a - a +0 war axe of venom (weapon)
 b - the +7 broad axe of Disorder {chop, MR+}
   (You acquired it on level 8 of the Lair of Beasts)

   It inflicts extra damage upon your enemies.
   It affects your resistance to hostile enchantments.
Missiles
 i - 22 exploding sling bullets
 l - 22 sling bullets of flame
 A - 75 poisoned needles
 D - 3 needles of paralysis
 H - 11 sling bullets of frost
Armour
 c - a +1 shield (worn)
 d - a +2 pair of gloves of strength
 k - a +1 scale mail
 y - the +3 ring mail "Eniog" (worn) {*Contam rElec rPois rCorr}
   (You found it on level 4 of the Dungeon)

   It insulates you from electricity.
   It protects you from poison.
   It causes magical contamination when unequipped.
   It protects you from acid and corrosion.
 K - a +0 pair of gloves
Jewellery
 o - an uncursed ring of wizardry
 s - a ring of protection from fire (right hand)
 t - an uncursed ring of resist corrosion {unknown}
 u - the amulet "Feylosid" {Reflect -Tele Str+7 SH+4 Stlth+, unknown}
   (You found it on level 8 of the Lair of Beasts)

   [amulet of reflection]

   It shields you and reflects attacks.
   It affects your strength (+7).
   It prevents most forms of teleportation.
   It affects your SH (+4).
   It makes you more stealthy.
 v - a +3 ring of protection (left hand)
 F - an uncursed ring of teleportation
 Q - an uncursed ring of see invisible
Wands
 x - a wand of flame (28/48)
 B - a wand of random effects (48/48)
 G - a wand of acid (10/15)
 I - a wand of disintegration (14/24)
 M - a wand of teleportation (5/9)
 N - a wand of flame (23/48)
Scrolls
 e - 8 scrolls of remove curse
 j - 5 scrolls of magic mapping
 n - 3 scrolls of identify
 p - a scroll of enchant weapon {unknown}
 q - a scroll of fog
 J - a scroll of torment
 S - 2 scrolls of recharging
Potions
 g - a potion of magic
 m - 5 potions of flight
 w - 3 potions of cure mutation
 L - 4 potions of brilliance
 T - 2 potions of ambrosia
Books
 U - a book of the Earth

   Spells                             Type                      Level
   a - Leda's Liquefaction            Hexes/Earth                  4
   b - Bolt of Magma                  Conjuration/Fire/Earth       5
   c - Statue Form                    Transmutation/Earth          6
   d - Iron Shot                      Conjuration/Earth            6
   e - Shatter                        Earth                        9
Comestibles
 f - 4 bread rations
 r - 25 fruits


   Skills:
 + Level 12.1 Fighting
 + Level 14.3 Axes
 + Level 7.2 Throwing
 + Level 9.5 Armour
 + Level 10.0 Dodging
 + Level 3.1 Stealth
 + Level 12.5 Shields
 + Level 6.7 Invocations


You had 13 spell levels left.
You didn't know any spells.

Dungeon Overview and Level Annotations

Branches:
Dungeon (9/15)             Temple (1/1) D:7            Lair (8/8) D:8
 Shoals (0/4) Lair:6        Snake (0/4) Lair:6        Slime (0/6) Lair:8
    Orc (0/2) D:9

Altars:
Ashenzari
Cheibriados
Dithmenos
Elyvilon
Fedhas
Gozag
Kikubaaqudgha
Makhleb
Nemelex Xobeh
Okawaru
Pakellas
Qazlal
Ru
Sif Muna
Trog
Vehumet
Xom
Yredelemnul
Zin
The Shining One
Beogh
Jiyva

Shops:
D:6 *


Innate Abilities, Weirdness & Mutations

Your spells are a little easier to cast, but a little less powerful.


Message History

There is a shaft here.
The spiny frog falls through a shaft!
The shaft crumbles and collapses.
You hit the death yak but do no damage.
The death yak looks even sicker.
The death yak is moderately wounded.
The death yak looks more healthy.
You hit the death yak.
The death yak is heavily wounded.
The death yak gores you!
* * * LOW HITPOINT WARNING * * *
Read which item? (? for menu, Esc to quit)
As you read the scroll of torment, it crumbles to dust.
Your body is wracked with pain!
* * * LOW HITPOINT WARNING * * *
The death yak convulses! x2; The death yak gores you.
* * * LOW HITPOINT WARNING * * *
You block the death yak's attack.
Drink which item? (? for menu, Esc to quit)
It was a potion of cancellation.
You feel magically purged. You block the death yak's attack.
The death yak gores you!!
You die...

†.#####........### #.#.....#.###
...#.##........#.# ##.#.....##
.....#........#..### ###....##
................PPP### ######
.................P...##
.....P...............P#
..#.P.................#
.##P.#.........Y.....##
.#####P........Y@.###.# .##
###..........##### ..#
#.........##.#
.########.......##.# #########
P...##.#......###### #.##P#.#P
.P#.###.......## #........
.........P.....# ##.......
.......##......####### ##.^##..
..#.#.####....###.##.#####...###.


You could see 2 death yaks.

Vanquished Creatures
  Snorg (Lair:4)
  3 hydras (Lair:8)
  Erica (D:9)
  2 death yaks (Lair:7)
  3 elephants
  A manticore (D:9)
  5 black mambas
  19 spiny frogs
  13 komodo dragons
  A rime drake (Lair:8)
  Grinder (D:6)
  A troll (D:9)
  A giant leech (Lair:8)
  A merfolk (D:9)
  2 polar bears
  Prince Ribbit (D:6)
  2 boulder beetles
  A snapping turtle (Lair:6)
  25 blink frogs
  Sigmund (D:5)
  2 wyverns (D:8)
  3 fire bats (Lair:8)
  12 hippogriffs
  56 yaks
  2 vampire mosquitoes (Lair:8)
  2 steam dragons
  A hungry ghost (D:9)
  4 nagas (Lair:6)
  12 water moccasins
  18 porcupines
  Duvessa (D:7)
  2 hell hounds (D:8)
  An eye of draining (D:8)
  2 ice beasts
  7 sky beasts
  2 orc warriors (D:9)
  3 black bears
  An ogre (D:7)
  2 phantoms
  3 centaurs
  5 wolves (Lair:6)
  Blork the orc (D:5)
  18 crocodiles
  A big kobold (D:7)
  23 giant frogs
  Dowan (D:7)
  3 scorpions
  2 killer bees (D:9)
  3 electric eels
  4 howler monkeys
  4 crimson imps
  A giant frog zombie (D:9)
  2 centaur zombies (D:7)
  A wasp zombie (D:9)
  6 orc priests
  5 hounds
  A quasit (D:5)
  A giant frog skeleton (D:5)
  2 jellies
  10 orc wizards
  A centaur skeleton (D:8)
  An iron imp (D:5)
  Jessica (D:3)
  7 iguanas
  9 worker ants
  A hound skeleton (D:6)
  4 worker ant zombies
  A howler monkey skeleton (D:9)
  6 adders
  105 river rats
  3 shadow imps
  2 oozes
  An adder zombie (D:7)
  2 adder skeletons
  4 worms (D:3)
  A dart slug (D:1)
  7 giant geckos
  46 orcs
  A ball python (D:2)
  7 bats
  10 giant cockroaches
  8 goblins
  7 hobgoblins
  10 jackals
  4 quokkas
  A giant gecko skeleton (D:4)
  8 giant newts
  2 goblin zombies (D:5)
  2 hobgoblin zombies (D:5)
  16 kobolds
  A kobold skeleton (D:5)
  A kobold zombie (D:5)
  3 orc skeletons (D:5)
  A quokka skeleton (D:4)
  A quokka zombie (D:6)
  4 rats
  A bush (Lair:8)
  6 fungi
  3 plants
614 creatures vanquished.

Vanquished Creatures (collateral kills)
  Maud (Lair:4)
  The ghost of Jano the Demolition Demonspawn, a journeyman DsFi of Makhleb (Lair:6)
  7 hydras
  4 death yaks (Lair:7)
  A griffon (Lair:7)
  3 black mambas
  2 spiny frogs (Lair:8)
  A rime drake (Lair:7)
  A giant leech (Lair:8)
  3 blink frogs (Lair:8)
  4 vampire mosquitoes (Lair:8)
  2 hippogriffs (Lair:5)
  A porcupine (Lair:6)
  3 water moccasins
  2 crocodiles
  2 giant frogs
  A killer bee (D:9)
  3 electric eels (Lair:8)
  13 river rats
  2 bushes (Lair:8)
  2 fungi (Lair:7)
  2 plants (Lair:8)
61 creatures vanquished.

Vanquished Creatures (others)
  26 fungi
  21 plants
47 creatures vanquished.

Grand Total: 722 creatures vanquished

Notes
Turn   | Place    | Note
--------------------------------------------------------------
     0 | D:1      | poirepourri the Hill Orc Fighter began the quest for the Orb.
     0 | D:1      | Reached XP level 1. HP: 19/19 MP: 1/1
    61 | D:1      | Reached XP level 2. HP: 22/27 MP: 2/2
   682 | D:2      | Reached XP level 3. HP: 33/33 MP: 3/3
   685 | D:2      | Reached skill level 3 in Axes
   769 | D:2      | Reached skill level 1 in Dodging
  1331 | D:2      | Reached XP level 4. HP: 38/40 MP: 4/4
  1808 | D:3      | Reached XP level 5. HP: 44/47 MP: 5/5
  1812 | D:3      | You fall through a shaft for 2 floors!
  1812 | D:5      | Entered Level 5 of the Dungeon
  1837 | D:5      | Reached skill level 4 in Axes
  1878 | D:5      | Noticed Sigmund
  1886 | D:5      | Killed Sigmund
  1886 | D:5      | Reached XP level 6. HP: 52/55 MP: 6/6
  1976 | D:5      | Noticed Blork the orc
  1995 | D:5      | Killed Blork the orc
  1995 | D:5      | Reached skill level 5 in Fighting
  2006 | D:5      | Reached skill level 5 in Axes
  2006 | D:5      | Reached XP level 7. HP: 14/61 MP: 7/7
  2496 | D:5      | Found a glowing golden altar of the Shining One.
  2510 | D:5      | Reached skill level 5 in Shields
  3221 | D:5      | Reached skill level 5 in Armour
  3346 | D:5      | Found a shattered altar of Ashenzari.
  3518 | D:5      | Reached skill level 1 in Throwing
  3847 | D:4      | Reached XP level 8. HP: 66/69 MP: 8/8
  3990 | D:4      | Got a dazzling ring mail
  4005 | D:4      | Identified the +3 ring mail "Eniog" {*Contam rElec rPois rCorr} (You found it on level 4 of the Dungeon)
  4312 | D:4      | Found an iron altar of Okawaru.
  5054 | D:3      | Found a deep blue altar of Sif Muna.
  5282 | D:3      | Reached skill level 6 in Axes
  5324 | D:3      | Noticed Jessica
  5329 | D:3      | Killed Jessica
  5845 | D:6      | Found Naghokho's General Store.
  5851 | D:6      | Bought 10 exploding sling bullets for 140 gold pieces
  5851 | D:6      | Bought a bread ration for 70 gold pieces
  5851 | D:6      | Bought a scroll of vulnerability for 105 gold pieces
  6105 | D:6      | Noticed Prince Ribbit
  6123 | D:6      | Killed Prince Ribbit
  6123 | D:6      | Reached XP level 9. HP: 51/75 MP: 9/9
  6165 | D:6      | Found a stormy altar of Qazlal.
  6174 | D:6      | Found a basalt altar of Yredelemnul.
  6186 | D:6      | Found an ancient bone altar of Kikubaaqudgha.
  6187 | D:6      | Noticed Grinder
  6200 | D:6      | Found a shimmering altar of Xom.
  6254 | D:6      | Killed Grinder
  6254 | D:6      | Reached skill level 7 in Axes
  6582 | D:6      | Reached skill level 1 in Stealth
  6903 | D:7      | Found a staircase to the Ecumenical Temple.
  7162 | Temple   | Entered the Ecumenical Temple
  7348 | Temple   | Became a worshipper of Makhleb the Destroyer
  7419 | D:7      | Noticed Dowan
  7420 | D:7      | Noticed Duvessa
  7429 | D:7      | Killed Duvessa
  7429 | D:7      | Reached skill level 5 in Dodging
  7440 | D:7      | Killed Dowan
  7440 | D:7      | Reached skill level 8 in Axes
  7498 | D:7      | Reached XP level 10. HP: 76/84 MP: 10/10
  8145 | D:8      | Found a shadowy altar of Dithmenos.
  8211 | D:8      | Reached * piety under Makhleb
  8282 | D:8      | Found a staircase to the Lair.
  8426 | D:8      | Reached skill level 9 in Axes
  8972 | D:9      | Noticed Erica
  8987 | D:9      | Killed Erica
  9245 | D:9      | Noticed a manticore
  9256 | D:9      | Killed a manticore
  9256 | D:9      | Reached skill level 5 in Throwing
  9636 | D:9      | Found a bloodstained altar of Trog.
  9703 | D:9      | Reached ** piety under Makhleb
  9993 | D:9      | Reached XP level 11. HP: 84/92 MP: 11/11
 10061 | D:9      | Found a staircase to the Orcish Mines.
 10174 | D:9      | Reached skill level 10 in Axes
 10296 | D:9      | Found a roughly hewn altar of Beogh.
 11210 | Lair:1   | Entered Level 1 of the Lair of Beasts
 11704 | Lair:1   | You fall through a shaft!
 11714 | Lair:2   | Reached *** piety under Makhleb
 12337 | Lair:1   | Reached **** piety under Makhleb
 12364 | Lair:1   | Reached skill level 11 in Axes
 12615 | Lair:1   | Noticed a seven-headed hydra
 12892 | Lair:1   | Killed a ten-headed hydra
 12958 | Lair:1   | Reached skill level 1 in Invocations
 14006 | Lair:2   | Noticed a six-headed hydra
 14014 | Lair:2   | Killed a six-headed hydra
 14014 | Lair:2   | Reached XP level 12. HP: 63/104 MP: 13/13
 14338 | Lair:2   | Reached skill level 10 in Shields
 14909 | Lair:3   | Found a shimmering altar of Xom.
 17119 | Lair:4   | Noticed Maud
 17145 | Lair:4   | Killed Maud
 17519 | Lair:4   | Gained mutation: Your spells are a little easier to cast, but a little less powerful. [mutagenic glow]
 17660 | Lair:4   | Reached skill level 10 in Fighting
 17665 | Lair:4   | Reached skill level 12 in Axes
 18131 | Lair:4   | Noticed Snorg
 18143 | Lair:4   | Killed Snorg
 18143 | Lair:4   | Reached XP level 13. HP: 66/113 MP: 15/15
 22059 | Lair:6   | Found a staircase to the Shoals.
 22438 | Lair:6   | Noticed Jano's ghost (journeyman DsFi)
 22460 | Lair:6   | Killed Jano's ghost
 22683 | Lair:6   | Found a staircase to the Snake Pit.
 23199 | Lair:6   | Reached skill level 13 in Axes
 24323 | Lair:7   | Reached skill level 5 in Invocations
 24436 | Lair:7   | Reached XP level 14. HP: 124/124 MP: 17/17
 25034 | Lair:8   | Entered Level 8 of the Lair of Beasts
 25040 | Lair:8   | Found a staircase to the Slime Pits.
 25040 | Lair:8   | Found a viscous altar of Jiyva.
 25122 | Lair:8   | Identified 2 scrolls of acquirement
 25563 | Lair:8   | Got a scorched broad axe
 25564 | Lair:8   | Identified the +7 broad axe of Disorder {chop, MR+} (You acquired it on level 8 of the Lair of Beasts)
 25646 | Lair:8   | Reached skill level 14 in Axes
 25689 | Lair:8   | Found a blossoming altar of Fedhas.
 26238 | Lair:8   | HP: 6/125 [giant leech (1)]
 26757 | Lair:8   | Got a translucent ruby amulet
 27602 | Lair:7   | Reached skill level 10 in Dodging
 27623 | Lair:7   | Mangled by a death yak

Vault maps used:
D:1:      saegor_arrival_simple_a, nrook_mini_backslash
D:3:      led_sif_book, gup_sewer_entry_bubbles, uniq_jessica
D:4:      okawaru_gym_becter
D:5:      cheibrodos_ashenzari_chains, nicolae_tso_besieged_by_evil,
          first_bread, kennysheep_small_spiral, uniq_sigmund, uniq_blork_the_orc
D:6:      grunt_temple_overflow_open, serial_shops, nicolae_shop_waterfront,
          uniq_prince_ribbit1, uniq_grinder
D:7:      minmay_temple_entry_glass, uniq_duvessa, uniq_crazy_yiuf_cottage
D:8:      nicolae_overflow_crystal_walls, minmay_lair_entry_lava,
          chequers_ossuary_entry_cave
D:9:      old_standard_altar, minmay_orc_entry_temple_small,
          hangedman_fish_farm, minivault_24, uniq_erica
Temple:   chambers_temple_10
Lair:1:   patterned_corridor
Lair:2:   lab_entry_generic, lemuel_fruit_tree, lemuel_fruit_fields,
          lemuel_fruit_fields
Lair:3:   basic_altar
Lair:4:   uniq_maud, uniq_snorg
Lair:5:   beast_lair_carwin_9, serial_bayou_shore_b
Lair:6:   minmay_shoals_entry_hut, minmay_snake_entry_guardpost_small
Lair:8:   minmay_lair_end_frog_pond, slime_altar_1,
          nicolae_volcano_entry_batcave, basic_altar,
          grunt_forest_large_clearings

Skill      XL: |  1  2  3  4  5  6  7  8  9 10 11 12 13 14 |
---------------+-------------------------------------------+-----
Fighting       | 4 5 6 7 9 10 11 12 | 12.1
Axes           | 3 4 5 6 8 9 11 12 13 14 | 14.3
Dodging        | 1 2 4 5 6 7 8 9 10 | 10.0
Shields        | 4 5 6 7 8 9 11 12 | 12.5
Armour         | 4 5 6 7 8 9 |  9.5
Throwing       | 1 3 5 6 7 |  7.2
Stealth        | 1 2 3 |  3.1
Invocations    | 1 3 5 6 |  6.7

Action                   |  1- 3 |  4- 6 |  7- 9 | 10-12 | 13-15 || total
-------------------------+-------+-------+-------+-------+-------++-------
Melee: War axe           |   108 |    77 |   415 |   766 |   626 ||  1992
       Broad axe         |       |       |       |       |   160 ||   160
Throw: Tomahawk          |     6 |       |    89 |   202 |    27 ||   324
Invok: Lesser Servant of |       |       |       |    20 |    58 ||    78
       Major Destruction |       |       |       |       |     3 ||     3
       Minor Destruction |       |       |       |       |     1 ||     1
  Use: Scroll            |     9 |     2 |     9 |     6 |    16 ||    42
       Potion            |       |     1 |     4 |     7 |    10 ||    22
 Stab: Distracted        |       |       |       |       |     4 ||     4
       Invisible         |       |       |       |       |     1 ||     1
  Eat: Pizza             |     1 |       |       |       |       ||     1
       Meat ration       |       |     1 |       |     3 |     6 ||    10
       Bread ration      |       |       |     4 |     5 |     1 ||    10
       Beef jerky        |       |       |     1 |       |       ||     1
       Fruit             |       |       |       |     4 |     2 ||     6
       Royal jelly       |       |       |       |       |     1 ||     1
